 Dungeon Crawl Stone Soup version 0.28-a0-1429-gf3d713df7a (webtiles) character file.

Game seed: 11863586380373153579

362 tatocazan the Skirmisher (level 6, 0/48 HPs)
             Began as a Demonspawn Fighter on Jan 8, 2022.
             Was an Initiate of Cheibriados.
             Slain by Pikel (6 damage)
             ... on level 6 of the Dungeon.
             The game lasted 00:04:23 (2606 turns).

tatocazan the Skirmisher (Demonspawn Fighter)       Turns: 2606, Time: 00:04:24

Health: 0/48       AC: 13    Str: 20    XL:     6   Next: 39%
Magic:  7/7        EV:  7    Int: 10    God:    Cheibriados [......]
Gold:   157        SH:  5    Dex: 13    Spells: 5/5 levels left

rFire   . . .      SeeInvis .   a - +1 war axe
rCold   . . .      Faith    .   c - +0 buckler
rNeg    . . .      Spirit   .   g - +0 chain mail
rPois   .          Reflect  .   n - +1 hat
rElec   .          Harm     .   (no cloak)
rCorr   .          Rampage  .   (no gloves)
Will    .....                   (no boots)
Stlth   ..........              (no amulet)
HPRegen 0.16/turn               (no ring)
MPRegen 0.10/turn               (no ring)

@: very slow
A: yellow scales 2, demonic guardian 1
a: Renounce Religion


You were on level 6 of the Dungeon.
You worshipped Cheibriados.
Cheibriados was noncommittal.
You visited 1 branch of the dungeon, and saw 4 of its levels.

You collected 157 gold pieces.

Inventory:

Hand Weapons
 a - a +1 war axe (weapon)
Armour
 b - a +0 scale mail
 c - a +0 buckler (worn)
 g - a +0 chain mail (worn)
 n - a +1 hat (worn)
Jewellery
 f - a ring of fire
Scrolls
 j - a scroll of identify {unknown}
 k - a scroll of enchant armour {unknown}
 l - a scroll of noise {unknown}


   Skills:
 + Level 4.2 Fighting
 * Level 3.5 Axes
 + Level 3.8 Armour
 + Level 3.8 Shields
 + Level 2.0 Invocations


You had 5 spell levels left.
You didn't know any spells.
Your spell library contained the following spells:

 Spells                   Type           Power      Damage    Failure   Level
 Blink                    Tloc           0%         N/A       100%        2
 Ensorcelled Hibernation  Hex/Ice        0%         N/A       100%        2
 Lesser Beckoning         Tloc           0%         N/A       100%        3
 Tukima's Dance           Hex            0%         N/A       100%        3
 Manifold Assault         Tloc           0%         N/A       100%        5
 Enfeeble                 Hex            0%         N/A       100%        7


Dungeon Overview and Level Annotations

Branches:
Dungeon (3/15)

Altars:
Cheibriados

Annotations:
D:3 1 runed translucent door
D:6 Pikel


Innate Abilities, Weirdness & Mutations

You are mostly covered in yellow scales. (AC +3)
A weak demonic guardian rushes to your aid.


Message History

Your quasit bites Pikel.
Your quasit closely misses Pikel.
Your quasit claws Pikel but does no damage.
Your quasit closely misses Pikel. x2
Your quasit claws Pikel but does no damage.
Your ufetubus barely misses Pikel.
Your ufetubus hits Pikel. Pikel closely misses your quasit.
Your quasit barely misses Pikel.
Your quasit claws Pikel.
Your quasit barely misses Pikel.
Your ufetubus misses Pikel.
Your ufetubus barely misses Pikel.
Your quasit bites Pikel but does no damage.
Your quasit barely misses Pikel.
Your quasit claws Pikel but does no damage.
Pikel hits your quasit with a +1 whip of flaming.
Pikel burns your quasit.
Your quasit dies!
Your quasit disappears in a puff of smoke!
Your ufetubus barely misses Pikel.
Your ufetubus hits Pikel but does no damage.
Pikel closely misses your ufetubus.
Your ufetubus disappears in a puff of smoke!
You aren't carrying any items that you can evoke.
Unknown command.
As you read the scroll labelled PEMIOJ ZIW, it crumbles to dust.
It is a scroll of enchant weapon.
Your +0 war axe glows red for a moment.
As you read the scroll labelled IKIARU REAN, it crumbles to dust.
It is a scroll of amnesia.
You feel forgetful for a moment.
Found a runed emerald ring.
A lemure comes into view.
A centaur zombie comes into view.
Found a stone staircase leading down.
You are starting to lose your buoyancy.
Pikel hits you but does no damage.
Found a stone staircase leading down.
You float gracefully downwards.
Pikel says, "You'll make a fine lemure."
You block Pikel's attack.
The lemure shouts!
Pikel hits you with a +1 whip of flaming.
You die...

### #..# .#.##
#..# ....# #=.#
... # #..# ...
######..# #.#
.55.....# #.#
######.######.####
# #.....5..55K.#
#>#.#####.##@#
#.#.#####.##.#
#.#.##.K..##.#
#.#.##.#####.#
#.#.##.# #..
#.#.##5# ### ##
..##5# K# #.#
.#########.#


You could see Pikel and 3 lemures.

Vanquished Creatures
  An ice beast (D:6)
  A sky beast (D:6)
  An orc wizard (D:3)
  4 adders
  An ufetubus (D:2)
  A worm (D:3)
  4 orcs (D:3)
  7 ball pythons
  9 endoplasms
  8 giant cockroaches
  11 goblins
  3 hobgoblins
  4 jackals
  5 kobolds (D:1)
  A quokka (D:2)
  5 bats
  2 frilled lizards (D:1)
  10 rats
78 creatures vanquished.

Vanquished Creatures (collateral kills)
  A jelly (D:3)
  A hobgoblin (D:2)
  A ball python (D:2)
3 creatures vanquished.

Grand Total: 81 creatures vanquished

Notes
Turn   | Place    | Note
-------+----------+-------------------------------------------
     0 | D:1      | tatocazan the Demonspawn Fighter began the quest for the
                  | Orb.
     0 | D:1      | Reached XP level 1. HP: 18/18 MP: 1/1
   334 | D:1      | Gained mutation: You are partially covered in yellow
                  | scales. (AC +2) [demonic ancestry]
   334 | D:1      | Reached XP level 2. HP: 22/24 MP: 2/2
   466 | D:1      | Found a faded altar of an unknown god.
   676 | D:1      | Gained mutation: A weak demonic guardian rushes to your
                  | aid. [demonic ancestry]
   676 | D:1      | Reached XP level 3. HP: 28/29 MP: 3/3
  1629 | D:2      | Reached XP level 4. HP: 36/36 MP: 4/4
  1880 | D:3      | Reached XP level 5. HP: 7/42 MP: 5/5
  2129 | D:3      | Found a snail-covered altar of Cheibriados.
  2142 | D:3      | Became a worshipper of Cheibriados the Contemplative
  2276 | D:3      | Found a runed translucent door.
  2279 | D:3      | Reached skill level 4 in Fighting
  2375 | D:3      | You fall into a shaft and drop 3 floors!
  2375 | D:6      | Noticed an ice beast
  2375 | D:6      | Noticed a sky beast
  2394 | D:6      | Killed a sky beast
  2395 | D:6      | Reached skill level 1 in Invocations
  2395 | D:6      | Gained mutation: You are mostly covered in yellow scales.
                  | (AC +3) [demonic ancestry]
  2395 | D:6      | Reached XP level 6. HP: 36/48 MP: 5/7
  2397 | D:6      | Killed an ice beast
  2554 | D:6      | Noticed Pikel
  2583 | D:6      | HP: 2/48 [Pikel (3)]
  2606 | D:6      | Slain by Pikel

Illustrated notes

Levels and vault maps discovered:
D:1:      dpeg_arrival_line_fractal, layout_loops_ring,
          hellmonk_ecumenical_altar_blasted, chequers_garden
D:2:      layout_basic, serial_forest, infiniplex_forest_corner_1,
          infiniplex_forest_lined_1, infiniplex_forest_lined_ring,
          infiniplex_forest_lined_room_2, infiniplex_forest_lined_4_way,
          minmay_misc_feat_iff, minmay_misc_feat_nine_boxes, grunt_ministairs_7,
          minmay_misc_feat_plants
D:3:      layout_basic, slow_altar_1, ebering_ghost_sewer_d
D:6:      layout_loops_ring, grunt_dithmenos_shadows, uniq_pikel

Skill      XL: |  1  2  3  4  5  6 |
---------------+-------------------+-----
Axes           | 2 3 |  3.5
Shields        | 3 |  3.8
Armour         | 3 |  3.8
Fighting       | 4 |  4.2
Invocations    | 1 2 |  2.0

Action                   |  1- 3 |  4- 6 || total
-------------------------+-------+-------++-------
Melee: War axe           |   157 |   110 ||   267
  Use: Potion            |       |     3 ||     3
       Scroll            |       |     4 ||     4
 Stab: Distracted        |       |     1 ||     1
Armor: Scale mail        |    62 |       ||    62
       Chain mail        |    50 |    75 ||   125
Dodge: Dodged            |    65 |    43 ||   108
Block: Buckler           |    33 |    36 ||    69

Table legend: (Time is in decaauts)
 A = Elapsed time spent in this place.
 B = Non-inter-level travel time spent in this place.
 C = Inter-level travel time spent in this place.
 D = Time resting spent in this place.
 E = Time spent auto-exploring this place.
 F = Levels seen in this place.
 G = Mean time per level.
                   A        B        C        D        E       F      G
               +--------+--------+--------+--------+--------+-----+--------+
         Total |   2795 |   2768 |     27 |    246 |   1835 |   4 |  698.8 |
       Dungeon |   2795 |   2768 |     27 |    246 |   1835 |   4 |  698.8 |
               +--------+--------+--------+--------+--------+-----+--------+

Top non-repeatable levels by time:
     D:1: 1087 daAuts
     D:2: 765 daAuts
     D:3: 663 daAuts
     D:6: 279 daAuts
